 Dungeon Crawl Stone Soup version 0.17.2-1-ge4368a0 (webtiles) character file.

279 daftwullie the Cudgeler (level 6, -6/62 HPs)
             Began as an Ogre Warper on May 6, 2017.
             Killed by divine providence
             ... invoked by an orc priest
              (12 damage)
             ... on level 4 of the Dungeon.
             The game lasted 00:31:04 (4143 turns).

daftwullie the Cudgeler (Ogre Warper)               Turns: 4143, Time: 00:31:04

Health: -6/62      AC:  4    Str: 17    XL:     6   Next: 26%
Magic:  8/11       EV: 10    Int: 14    God:
Gold:   204        SH:  0    Dex:  9    Spells: 3 memorised, 7 levels left

rFire  . . .     SeeInvis .     a - +0 mace
rCold  . . .     Clarity  .     x - +1 animal skin
rNeg   . . .     SustAt   +     (no shield)
rPois  .         Gourm    .     (helmet restricted)
rElec  .         Spirit   .     (no cloak)
rCorr  .         Warding  .     (gloves unavailable)
rMut   .         Stasis   .     (boots unavailable)
MR     .....                    (no amulet)
Stlth  +.........               (no ring)
                                q - ring of sustain attributes

@: shrouded (expiring), not resistant to hostile enchantments, very unstealthy
A: unfitting armour, tough skin 1
a: no special abilities


You were on level 4 of the Dungeon.
You were not hungry.

You visited 1 branch of the dungeon, and saw 4 of its levels.

You collected 204 gold pieces.

Inventory:

Hand Weapons
 a - a +0 mace (weapon)
 y - a +0 giant club
Missiles
 h - 39 stones (quivered)
 m - 21 sling bullets
Armour
 b - a +0 robe
 w - a +0 robe
 x - a +1 animal skin (worn)
Jewellery
 q - a ring of sustain attributes (left hand)
Scrolls
 d - 2 scrolls of blinking
 e - a scroll of amnesia {unknown}
 g - a scroll of teleportation {unknown}
 i - a scroll of remove curse
 j - 2 scrolls of identify
 n - 2 scrolls of random uselessness {unknown}
 s - a scroll of enchant weapon {unknown}
 t - a scroll of enchant armour {unknown}
 u - a scroll of fog {unknown}
 v - a scroll of fear {unknown}
Potions
 o - a potion of brilliance
 p - 2 potions of curing
 r - a potion of cancellation
Books
 c - a book of Spatial Translocations

   Spells                             Type                      Level
   a - Apportation                    Translocation                1
   b - Blink                          Translocation                2
   c - Shroud of Golubria             Charms/Translocation         2
   d - Portal Projectile              Translocation                3
   e - Teleport Other                 Translocation                3
   f - Passage of Golubria            Translocation                4
Comestibles
 f - 2 bread rations
 k - 3 meat rations
 l - a beef jerky


   Skills:
 + Level 3.6 Fighting
 * Level 4.2 Maces & Flails
 * Level 3.3 Throwing
 - Level 2.1 Dodging
 * Level 3.6 Spellcasting
 + Level 0.5 Charms
 + Level 2.9 Translocations


You had 7 spell levels left.
You knew the following spells:

 Your Spells              Type           Power        Failure   Level  Hunger
a - Apportation           Tloc           ##........   10%         1    None
b - Blink                 Tloc           N/A          12%         2    ##.....
c - Shroud of Golubria    Chrm/Tloc      #.........   17%         2    ##.....


Dungeon Overview and Level Annotations

Branches:
Dungeon (4/15)
 Temple: D:4-7

Altars:

Annotations:
D:3 Grinder


Innate Abilities, Weirdness & Mutations

You are too large for most types of armour.
You have tough skin (AC +1).


Message History

You hit the orc wizard.
The orc wizard is severely wounded.
Your shroud bends the orc wizard's attack away.
The orc wizard gestures wildly while chanting.
The orc wizard blinks!
Throwing (i - inventory. (,) - cycle):
A - a tomahawk (quivered)
Press: ? - help, Shift-Dir - straight line, f/p - orc wizard
Aim: an orc wizard, wielding a dagger and wearing a robe (severely wounded)
You throw a tomahawk. The tomahawk hits the orc wizard!
You kill the orc wizard!
The orc priest calls down the wrath of Beogh upon you.
Something smites you!
* * * LOW HITPOINT WARNING * * *
Drink which item? (? for menu, Esc to quit)
Okay, then.
Read which item? (? for menu, Esc to quit)
Okay, then.
The orc priest invokes the aid of Beogh against you.
Something smites you!
You die...

#.# #.# #.##.#.# #.# #.# #.
##.#######.###.##.#.###.# #.#
#.
.....................).>###.#
#.
.#.####.##.###.##.#.........#
#. ...# #.##.#
#.##.#####.##### #.
.######.##.# #.##.###########
#. ...........#
#.##...........# #.
...####.#### #(############.#
#. #..##....#
#..@.o.o.....#.# #.
...##.#..# ############.#.#
#. ##.##.[..# #ยง#.# #.
.........# #.#.# #.
....##..<# #o#.# #[
##..<#...+ ..########o#.# #.
.#...#...# ....o..o.(.#.# #.
.#.#.#..###
.....(######.####.
.#.#.#....+ ..... #......


You could see an orc priest and an orc.

Vanquished Creatures
  An ogre (D:4)
  A hound (D:4)
  An orc wizard (D:4)
  Terence (D:2)
  The ghost of Goblin1989 the Ruffian, a weakling VSCK of Xom (D:3)
  Robin (D:3)
  2 adders (D:2)
  An ooze (D:4)
  2 worms
  A giant gecko (D:1)
  2 orcs (D:4)
  5 giant cockroaches
  7 hobgoblins
  2 quokkas
  6 bats
  2 giant newts
  20 goblins
  6 jackals
  5 kobolds
  6 rats
73 creatures vanquished.

Notes
Turn   | Place    | Note
--------------------------------------------------------------
     0 | D:1      | daftwullie the Ogre Warper began the quest for the Orb.
     0 | D:1      | Reached XP level 1. HP: 22/22 MP: 3/3
   288 | D:1      | Reached XP level 2. HP: 18/29 MP: 5/5
   289 | D:1      | Reached skill level 3 in Maces & Flails
   408 | D:1      | Learned a level 2 spell: Blink
   411 | D:1      | Learned a level 2 spell: Shroud of Golubria
  1002 | D:1      | Reached XP level 3. HP: 27/36 MP: 7/7
  2001 | D:2      | Noticed Terence
  2022 | D:2      | Killed Terence
  2022 | D:2      | Reached XP level 4. HP: 37/45 MP: 0/8
  2229 | D:3      | Noticed Goblin1989's ghost (weakling VSCK)
  2250 | D:3      | Killed Goblin1989's ghost
  3094 | D:3      | Noticed Robin
  3109 | D:3      | Killed Robin
  3109 | D:3      | Reached XP level 5. HP: 48/53 MP: 5/9
  3179 | D:3      | Noticed Grinder
  3193 | D:3      | Paralysed by Grinder for 4 turns
  3689 | D:4      | Noticed an ogre
  3716 | D:4      | Killed an ogre
  3716 | D:4      | Reached skill level 4 in Maces & Flails
  3929 | D:4      | Reached XP level 6. HP: 35/62 MP: 1/11
  4143 | D:4      | Killed from afar by an orc priest

Action                   |  1- 3 |  4- 6 || total
-------------------------+-------+-------++-------
Melee: Mace              |   107 |   132 ||   239
Throw: Stone             |    58 |     9 ||    67
       Tomahawk          |     8 |    26 ||    34
 Cast: Shroud of Golubri |     8 |    11 ||    19
       Blink             |       |     2 ||     2
  Use: Scroll            |       |     5 ||     5
 Stab: Sleeping          |       |     1 ||     1
  Eat: Chunk             |     4 |     6 ||    10
       Beef jerky        |       |     1 ||     1
